 Dungeon Crawl Stone Soup version 0.21-a0-450-gd87a9b2 (webtiles) character file.

341 zeke the Shield-Bearer (level 6, 0/53 HPs)
             Began as a Minotaur Fighter on Nov 19, 2017.
             Was an Initiate of Okawaru.
             Slain by an ogre
             ... wielding a cursed -1 giant club
              (16 damage)
             ... on level 4 of the Dungeon on Nov 20, 2017.
             The game lasted 00:07:31 (2661 turns).

zeke the Shield-Bearer (Minotaur Fighter)           Turns: 2661, Time: 00:07:33

Health: 0/53       AC:  8    Str: 22    XL:     6   Next: 30%
Magic:  5/5        EV:  8    Int:  5    God:    Okawaru [......]
Gold:   146        SH: 10    Dex: 10    Spells: 5/5 levels left

rFire    . . .     SeeInvis .   a - +0 war axe
rCold    . . .     Gourm    .   c - +0 shield
rNeg     . . .     Faith    .   b - +1 scale mail
rPois    +         Spirit   .   (helmet restricted)
rElec    .         Reflect  .   (no cloak)
rCorr    .         Harm     .   (no gloves)
MR       .....                  (no boots)
Stlth    ..........             (no amulet)
HPRegen  0.17/turn              e - ring of loudness
MPRegen  0.09/turn              q - ring of poison resistance

@: no status effects
A: retaliatory headbutt, horns 2
a: Renounce Religion


You were on level 4 of the Dungeon.
You worshipped Okawaru.
Okawaru was noncommittal.
You were hungry.

You visited 1 branch of the dungeon, and saw 4 of its levels.
You also visited: Sewer.

You collected 146 gold pieces.

Inventory:

Hand Weapons
 a - a +0 war axe (weapon)
Missiles
 p - 5 javelins (quivered)
Armour
 b - a +1 scale mail (worn)
 c - a +0 shield (worn)
Jewellery
 e - a ring of loudness (left hand)
 q - a ring of poison resistance (right hand)
 v - a +4 ring of evasion {unknown}
Scrolls
 g - 3 scrolls of identify
 h - 2 scrolls of fear
 j - a scroll of random uselessness {unknown}
 w - 4 scrolls of teleportation
Potions
 d - 4 potions of might
 i - a potion of invisibility
 k - a potion of brilliance {unknown}
 l - 2 potions of flight {unknown}
 m - a potion of cancellation {unknown}
 r - 3 potions of heal wounds
 s - a potion of mutation {unknown}
 t - 2 potions of resistance {unknown}
 x - a potion of curing {unknown}
 z - 2 potions of agility {unknown}
Comestibles
 f - a bread ration
 A - a meat ration


   Skills:
 + Level 4.6 Fighting
 + Level 4.6 Axes
 + Level 5.2 Armour
 + Level 0.9 Dodging
 + Level 0.4 Stealth
 + Level 5.5 Shields


You had 5 spell levels left.
You didn't know any spells.

Dungeon Overview and Level Annotations

Branches:
Dungeon (4/15)
 Temple: D:4-7

Altars:
Okawaru


Innate Abilities, Weirdness & Mutations

You reflexively headbutt those who attack you in melee.
You have a pair of horns on your head.


Message History

An ogre is nearby!
There is an open door here.
You block the ogre's attack.
You barely miss the ogre. You headbutt the ogre.
The ogre is lightly wounded.
The ogre hits you with a giant club!
You barely miss the ogre. Your headbutt misses the ogre.
The ogre is lightly wounded.
The ogre hits you with a giant club!!
* * * LOW HITPOINT WARNING * * *
You slash the ogre!
The ogre is heavily wounded.
You block the ogre's attack.
You hit the ogre.
The ogre is heavily wounded.
You block the ogre's attack.
You hit the ogre but do no damage.
The ogre is heavily wounded.
The ogre hits you with a giant club!
You die...

######........#*,* #.## *,*,,,
.....'........#*,* #..# *,*,,,
###.##........##+#######.##*.#***
###.##........#........#..##.#***
....##........#........##.#...,,*
.<..##........#........##.##.#*,*
....##.....#.##........##..#.#*.#
...........#.##........###.#.#*.#
####.......#..'.@O.....# #.#.#*.#
**##.......####........# #...#*.#
,,.........# #........# ##..#*.#
######.....# ########## #..##[.
..........## #......
#########'##### #.>.... #
#...........# ###....
###.###.......# ######## #....
.....<........# #......# #....


You could see an ogre.

Vanquished Creatures
  Purgy (Sewer)
  A bullfrog (D:3)
  2 iguanas (D:4)
  4 adders
  An ooze (D:1)
  An adder skeleton (D:4)
  5 worms
  2 dart slugs
  A leopard gecko (D:3)
  8 bats
  2 giant cockroaches (D:2)
  6 goblins
  8 hobgoblins
  3 quokkas
  12 frilled lizards
  8 kobolds
  7 rats
72 creatures vanquished.

Notes
Turn   | Place    | Note
-------+----------+-------------------------------------------
     0 | D:1      | zeke the Minotaur Fighter began the quest for the Orb.
     0 | D:1      | Reached XP level 1. HP: 19/19 MP: 0/0
    39 | D:1      | Reached XP level 2. HP: 27/27 MP: 1/1
   612 | D:2      | Reached XP level 3. HP: 25/33 MP: 2/2
   939 | D:2      | Reached XP level 4. HP: 26/40 MP: 3/3
  1507 | D:3      | Found an iron altar of Okawaru.
  1508 | D:3      | Noticed a bullfrog
  1515 | D:3      | Killed a bullfrog
  1515 | D:3      | Reached XP level 5. HP: 23/47 MP: 4/4
  1520 | D:3      | Became a worshipper of Warmaster Okawaru
  2001 | D:3      | Found a faded altar of an unknown god.
  2187 | D:4      | Reached skill level 5 in Shields
  2216 | D:4      | Reached skill level 5 in Armour
  2247 | D:4      | Found a glowing drain.
  2274 | Sewer    | Entered a sewer
  2393 | Sewer    | Noticed Purgy
  2418 | Sewer    | Killed Purgy
  2418 | Sewer    | Reached XP level 6. HP: 35/53 MP: 5/5
  2661 | D:4      | Slain by an ogre

Vault maps used:
D:1:      saegor_arrival_simple_e
D:3:      nicolae_overflow_crystal_walls,
          chequers_ecumenical_altar_simple_redux, item_on_display_a
D:4:      portal_sewer_entry_c
Sewer:    sewer_co_purgy_island

Skill      XL: |  1  2  3  4  5 |
---------------+----------------+-----
Armour         | 4 5 |  5.2
Fighting       | 4 |  4.6
Shields        | 4 5 |  5.5
Axes           | 3 4 |  4.6
Dodging        | |  0.9
Stealth        | |  0.4

Action                   |  1- 3 |  4- 6 || total
-------------------------+-------+-------++-------
Melee: War axe           |    92 |   103 ||   195
       Headbutt          |     7 |    16 ||    23
Throw: Javelin           |       |     1 ||     1
  Use: Scroll            |       |     9 ||     9
       Potion            |       |     2 ||     2
 Stab: Invisible         |       |     3 ||     3
  Eat: Chunk             |       |     5 ||     5
Armor: Scale mail        |    43 |    49 ||    92
Dodge: Dodged            |    30 |    54 ||    84
Block: Shield            |    67 |    62 ||   129

Table legend:
 A = Spawn XP
 B = Non-spawn XP
 C = Spawn XP percentage of total XP
 D = Spawn monster count
 E = Non-spawn monster count
 F = Spawn count percentage of total count
 G = Total turns spent on level
                    A         B        C        D         E        F      G
               +---------+---------+-------+---------+---------+-------+---------
         Total |       0 |     488 |   0.0 |       0 |      72 |   0.0 |  2661
               +---------+---------+-------+---------+---------+-------+---------
           D:1 |       0 |      38 |   0.0 |       0 |      21 |   0.0 |   584
           D:2 |       0 |      72 |   0.0 |       0 |      19 |   0.0 |   786
           D:3 |       0 |     132 |   0.0 |       0 |      17 |   0.0 |   764
           D:4 |       0 |      95 |   0.0 |       0 |       7 |   0.0 |   256
         Sewer |       0 |     151 |   0.0 |       0 |       8 |   0.0 |   271
               +---------+---------+-------+---------+---------+-------+---------
